 Dungeon Crawl Stone Soup version 0.29.0-4-gdea44cf6ec (webtiles) character file.

Game seed: 2743835078466446862

1142 qw the Cleaver (level 8, -3/46 HPs)
             Began as a Tengu Warper on Aug 28, 2022.
             Slain by an ice beast (4 damage)
             ... on level 5 of the Dungeon.
             The game lasted 00:00:32 (6162 turns).

qw the Cleaver (Tengu Warper)                       Turns: 6162, Time: 00:00:33

Health: -3/46      AC:  8    Str: 13    XL:     8   Next: 37%
Magic:  12/12      EV:  9    Int: 13    God:
Gold:   381        SH:  9    Dex: 15    Spells: 11/11 levels left

rFire   . . .      SeeInvis .   n - +0 war axe
rCold   . . .      Faith    .   g - +0 kite shield
rNeg    . . .      Spirit   .   e - +0 scale mail
rPois   .          Reflect  .   (helmet restricted)
rElec   .          Harm     .   i - +0 cloak
rCorr   .          Rampage  .   d - +0 pair of gloves
Will    .....                   (boots unavailable)
Stlth   ..........              (no amulet)
HPRegen 0.15/turn               (no ring)
MPRegen 0.13/turn               (no ring)

@: flying quickly and evasively, quick
A: beak, talons 3, nimble flight
a: no special abilities


You were on level 5 of the Dungeon.
You visited 1 branch of the dungeon, and saw 5 of its levels.

You collected 381 gold pieces.


Innate Abilities, Weirdness & Mutations

You have a beak for a mouth.
You have claws for feet.
Your magical nature lets you fly swiftly and evasively.


   Skills:
 - Level 3.0 Fighting
 - Level 9.1 Axes
 - Level 1.0 Throwing
 - Level 2.4 Armour
 - Level 2.1 Dodging
 + Level 4.0 Shields
 - Level 2.0 Spellcasting
 - Level 2.4 Translocations


You had 11 spell levels left.
You didn't know any spells.
Your spell library contained the following spells:

 Spells                   Type           Power      Damage    Failure   Level
 Blink                    Tloc           14%        N/A       90%         2
 Gell's Gravitas          Tloc           7%         N/A       99%         3
 Lesser Beckoning         Tloc           7%         N/A       99%         3
 Teleport Other           Tloc           7%         N/A       99%         3
 Manifold Assault         Tloc           7%         N/A       100%        5

Inventory:

Hand Weapons
 a - a +1 flail of protection
 n - a +0 war axe (weapon)
Armour
 d - a +0 pair of gloves (worn)
 e - a +0 scale mail (worn)
 g - a +0 kite shield (worn)
 i - a +0 cloak (worn)
 o - a +0 chain mail
Jewellery
 p - a +4 ring of protection
Scrolls
 f - 2 scrolls of identify
 j - a scroll of teleportation {unknown}
 l - a scroll of butterflies {unknown}
Potions
 b - a potion of mutation {unknown}
 c - a potion of curing {unknown}
 h - 3 potions of cancellation {unknown}
 m - a potion of magic {unknown}

Dungeon Overview and Level Annotations

Branches:
Dungeon (5/15)
 Temple: D:4-7

Altars:
Ashenzari
Fedhas
Kikubaaqudgha
Sif Muna
Vehumet
Xom


Message History

You closely miss Pikel. Your kick misses Pikel. You peck Pikel.
Pikel is severely wounded.
You block Pikel's attack. x2
You closely miss Pikel. Your kick misses Pikel.
Pikel is severely wounded.
Pikel hits you with a +0 whip of freezing!
Pikel freezes you.
You barely miss Pikel. You claw Pikel.
Pikel is almost dead.
Pikel hits you with a +0 whip of freezing.
Pikel freezes you.
You barely miss Pikel. Your kick misses Pikel.
Pikel is almost dead.
Pikel hits you but does no damage.
You slash Pikel!
You kill Pikel!
With Pikel's spell broken, his former minions thank you for their freedom.
The lemure departs this earthly plane. x2
Your Axes skill gained 2 levels and is now at level 9!
You have reached level 8!
You feel agile.
You barely miss the ice beast. Your kick misses the ice beast.
You peck the ice beast, but do no damage.
You block the ice beast's attack.
You hit the ice beast but do no damage.
You claw the ice beast, but do no damage.
Your peck misses the ice beast. You block the ice beast's attack.
You slash the ice beast! Your kick misses the ice beast.
The ice beast is moderately wounded.
The ice beast hits you. The ice beast freezes you!
You closely miss the ice beast. Your kick misses the ice beast.
Your peck misses the ice beast.
The ice beast is moderately wounded.
The ice beast hits you but does no damage.
The ice beast barely misses you.
You hit the ice beast.
You peck the ice beast, but do no damage.
The ice beast is moderately wounded.
The ice beast hits you.
You die...

_..#.#.._..
..#.#... .#.#..
..#####.).#####.
.Y......}.......
#...# #...'#.#'...#
#.8...#Y# ..8.#
#.._..#@# _..#
#.8.8.#.# 8.#
##...##.## ###
#####...#####.#
##.###...##
#..##...######.#
.###.............#
#..........########
########)..#


You could see an ice beast.

Vanquished Creatures
  Pikel (D:5)
  An ogre (D:5)
  2 lemures (D:5)
  A phantom (D:5)
  3 scorpions
  A necrophage (D:4)
  A gnoll bouda (D:4)
  8 adders
  7 gnolls
  A shadow imp (D:5)
  2 ufetubi
  3 worms
  5 dart slugs
  6 orcs
  5 ball pythons
  7 endoplasms
  3 giant cockroaches
  8 goblins
  7 hobgoblins
  2 jackals (D:3)
  10 kobolds
  6 quokkas
  4 bats
  A frilled lizard (D:1)
  10 rats
105 creatures vanquished.

Notes
Turn   | Place    | Note
-------+----------+-------------------------------------------
     0 | D:1      | qw the Tengu Warper began the quest for the Orb.
     0 | D:1      | Reached XP level 1. HP: 12/12 MP: 4/4
     0 | D:1      | 0 ||| qw: Version: 0.1-a-89-g26bdef1
     0 | D:1      | 0 ||| qw: Game counter: 2557
     0 | D:1      | 0 ||| qw: Always use a shield: true
     0 | D:1      | 0 ||| qw: God list: Okawaru
     0 | D:1      | 0 ||| qw: Allow faded altars: false
     0 | D:1      | 0 ||| qw: Do Orc after D:15 true
     0 | D:1      | 0 ||| qw: Do second Lair branch before Depths: true
     0 | D:1      | 0 ||| qw: Lair rune preference: random
     0 | D:1      | 0 ||| qw: Plans: Normal
     0 | D:1      | 0 ||| PLANNING D:1-11
   179 | D:1      | Reached XP level 2. HP: 8/17 MP: 6/6
   180 | D:1      | Reached skill level 3 in Axes
   186 | D:1      | HP: 2/17 [kobold/+0 whip (5)]
   481 | D:1      | 481 ||| DROPPING +0 club.
   636 | D:1      | 636 ||| Stepping ~*~*~tactically~*~*~ (stealth).
   733 | D:1      | 733 ||| Stepping ~*~*~tactically~*~*~ (stealth).
   734 | D:1      | 734 ||| Stepping ~*~*~tactically~*~*~ (stealth).
   742 | D:1      | 742 ||| Stepping ~*~*~tactically~*~*~ (stealth).
  1067 | D:1      | Reached XP level 3. HP: 21/21 MP: 7/7
  1132 | D:1      | 1132 ||| Stepping ~*~*~tactically~*~*~ (hiding).
  1173 | D:1      | 1173 ||| Stepping ~*~*~tactically~*~*~ (stealth).
  1181 | D:1      | 1181 ||| Stepping ~*~*~tactically~*~*~ (stealth).
  1182 | D:1      | 1182 ||| Stepping ~*~*~tactically~*~*~ (stealth).
  1209 | D:1      | Found a faded altar of an unknown god.
  1216 | D:1      | Reached skill level 4 in Axes
  1373 | D:1      | 1373 ||| UPGRADING to +0 scale mail.
  1383 | D:1      | 1383 ||| DROPPING +0 leather armour.
  1384 | D:1      | 1384 ||| UPGRADING to +0 kite shield.
  1389 | D:1      | 1389 ||| UPGRADING to +0 cloak.
  1394 | D:1      | 1394 ||| READING scroll labelled MIOLUU HEGH.
  1395 | D:1      | 1395 ||| READING scroll labelled MOXTUPL GYFI.
  1396 | D:1      | 1396 ||| READING 3 scrolls labelled BOTHOR AJEPIPT.
  1397 | D:1      | 1397 ||| READING scroll labelled MOLLUNTEOKK.
  1515 | D:1      | 1515 ||| DROPPING scroll of blinking.
  1516 | D:1      | 1516 ||| DROPPING 2 scrolls of poison.
  1528 | D:2      | 1528 ||| Stepping ~*~*~tactically~*~*~ (stealth).
  1675 | D:2      | 1675 ||| Stepping ~*~*~tactically~*~*~ (stealth).
  1678 | D:2      | Reached skill level 1 in Shields
  1779 | D:2      | Reached XP level 4. HP: 20/26 MP: 8/8
  2302 | D:2      | 2302 ||| READING scroll labelled DUMNAEBUCO.
  2303 | D:2      | 2303 ||| READING scroll labelled BICRA BACLO.
  2304 | D:2      | 2304 ||| DRINKING 3 blue potions.
  2334 | D:3      | 2334 ||| Stepping ~*~*~tactically~*~*~ (stealth).
  2336 | D:3      | 2336 ||| Stepping ~*~*~tactically~*~*~ (stealth).
  2451 | D:3      | 2451 ||| DROPPING +0 whip.
  2492 | D:3      | Reached skill level 3 in Shields
  2578 | D:3      | Gained mutation: Your magical nature lets you fly swiftly
                  | and evasively. [Tengu growth]
  2578 | D:3      | Reached XP level 5. HP: 30/30 MP: 9/9
  2607 | D:3      | 2607 ||| Stepping ~*~*~tactically~*~*~ (hiding).
  2611 | D:3      | 2611 ||| Stepping ~*~*~tactically~*~*~ (hiding).
  2670 | D:3      | 2670 ||| READING scroll of enchant weapon.
  2670 | D:3      | 2670 ||| ENCHANTING +1 hand axe.
  2698 | D:3      | 2698 ||| Stepping ~*~*~tactically~*~*~ (stealth).
  2734 | D:3      | 2734 ||| READING scroll of enchant weapon.
  2734 | D:3      | 2734 ||| ENCHANTING +2 hand axe.
  2765 | D:3      | Found an ancient bone altar of Kikubaaqudgha.
  2768 | D:3      | Found a blossoming altar of Fedhas.
  2986 | D:3      | 2986 ||| Stepping ~*~*~tactically~*~*~ (hiding).
  3258 | D:3      | Reached skill level 5 in Axes
  3870 | D:3      | 3870 ||| READING scroll labelled QEYQYJ EN SUKK.
  3871 | D:3      | 3871 ||| READING scroll labelled TOEGEYHEZ OGAQATU.
  3872 | D:3      | 3872 ||| DRINKING 2 lumpy yellow potions.
  3916 | D:3      | 3916 ||| DROPPING potion of lignification.
  3941 | D:4      | 3941 ||| STAIRDANCE
  3949 | D:3      | 3949 ||| DROPPING +0 flail.
  4114 | D:4      | 4114 ||| Stepping ~*~*~tactically~*~*~ (hiding).
  4120 | D:4      | Reached XP level 6. HP: 31/35 MP: 10/10
  4120 | D:4      | 4120 ||| FLEEEEING.
  4175 | D:4      | Reached skill level 6 in Axes
  4175 | D:4      | HP: 8/35 [poisoned by a scorpion]
  4674 | D:4      | Reached XP level 7. HP: 37/40 MP: 11/11
  5050 | D:4      | 5050 ||| UPGRADING to +0 pair of gloves.
  5081 | D:5      | Entered Level 5 of the Dungeon
  5082 | D:5      | 5082 ||| PLANNING SEWER
  5198 | D:5      | Reached skill level 7 in Axes
  5339 | D:5      | Reached skill level 3 in Fighting
  5531 | D:5      | 5531 ||| SWAPPING to +0 war axe.
  5552 | D:5      | 5552 ||| DROPPING +3 hand axe.
  5630 | D:5      | HP: 6/41 [lemure[Pikel] (6)]
  5631 | D:5      | 5631 ||| DRINKING 3 potions of heal wounds.
  5779 | D:5      | 5779 ||| Stepping ~*~*~tactically~*~*~ (stealth).
  5780 | D:5      | 5780 ||| Stepping ~*~*~tactically~*~*~ (stealth).
  5794 | D:5      | HP: 9/41 [poisoned by a scorpion]
  5798 | D:5      | HP: 4/41 [poisoned by a scorpion]
  5869 | D:5      | 5869 ||| RIP SEWER
  6101 | D:5      | 6101 ||| PLANNING D:1-11
  6125 | D:5      | Found a shimmering altar of Xom.
  6125 | D:5      | Found a radiant altar of Vehumet.
  6125 | D:5      | Found a shimmering blue altar of Sif Muna.
  6125 | D:5      | Found a broken altar of Ashenzari.
  6126 | D:5      | Noticed Pikel
  6127 | D:5      | 6127 ||| Stepping ~*~*~tactically~*~*~ (stealth).
  6137 | D:5      | HP: 10/41 [Pikel/+0 whip of freezing (6)]
  6138 | D:5      | 6138 ||| Stepping ~*~*~tactically~*~*~ (stealth).
  6139 | D:5      | 6139 ||| DRINKING 2 potions of heal wounds.
  6141 | D:5      | 6141 ||| Stepping ~*~*~tactically~*~*~ (stealth).
  6143 | D:5      | 6143 ||| Stepping ~*~*~tactically~*~*~ (stealth).
  6149 | D:5      | HP: 7/41 [Pikel/+0 whip of freezing (4)]
  6150 | D:5      | 6150 ||| DRINKING potion of heal wounds.
  6155 | D:5      | HP: 10/41 [Pikel/+0 whip of freezing (2)]
  6157 | D:5      | Killed Pikel
  6158 | D:5      | Reached skill level 9 in Axes
  6158 | D:5      | Reached XP level 8. HP: 12/46 MP: 12/12
  6160 | D:5      | HP: 11/46 [ice beast (2)]
  6160 | D:5      | HP: 1/46 [ice beast (10)]
  6162 | D:5      | Slain by an ice beast

Levels and vault maps discovered:
D:1:      saegor_arrival_simple_a, layout_basic, ebering_ecumenical_altar_webs
D:2:      layout_basic, minmay_rat_gold_closets
D:3:      minmay_spotlight, layout_basic,
          grunt_temple_overflow_growth_and_decay, minivault_5
D:4:      minmay_angry_zag, layout_loops_ring
D:5:      layout_loops_corners, grunt_temple_overflow_cloverleaf,
          minmay_temple_entry_grid, portal_sewer_entry_d, uniq_pikel

Skill      XL: |  1  2  3  4  5  6  7 |
---------------+----------------------+-----
Axes           | 3 4 5 6 9 |  9.1
Shields        | 1 3 4 |  4.0
Fighting       | 3 |  3.0
Armour         | 2 |  2.4
Throwing       | |  1.0
Dodging        | |  2.1
Spellcasting   | |  2.0
Translocations | |  2.4

Action                   |  1- 3 |  4- 6 |  7- 9 || total
-------------------------+-------+-------+-------++-------
Melee: Hand axe          |    94 |   158 |    18 ||   270
       Kick              |    19 |    31 |    23 ||    73
       Peck              |    14 |    32 |    23 ||    69
       War axe           |       |       |    69 ||    69
Throw: Boomerang         |     7 |       |       ||     7
  Use: Scroll            |     4 |     6 |       ||    10
       Potion            |       |     2 |     3 ||     5
Armor: Leather armour    |    19 |       |       ||    19
       Scale mail        |    19 |    53 |    18 ||    90
Dodge: Dodged            |    36 |    42 |    23 ||   101
Block: Kite shield       |    13 |    56 |    34 ||   103

Table legend:
 A = Non-vault XP
 B = Vault XP
 C = Vault XP percentage of total XP
 D = Non-vault monster count
 E = Vault monster count
 F = Vault count percentage of total count
                 A         B        C        D         E       F
            +---------+---------+-------+---------+---------+-------
      Total |     836 |     796 |  48.8 |      90 |      13 |  12.6
            +---------+---------+-------+---------+---------+-------
        D:1 |      48 |       0 |   0.0 |      23 |       0 |   0.0
        D:2 |      69 |       6 |   8.0 |      19 |       6 |  24.0
        D:3 |     153 |       8 |   5.0 |      30 |       2 |   6.2
        D:4 |     233 |     141 |  37.7 |      12 |       4 |  25.0
        D:5 |     333 |     641 |  65.8 |       6 |       1 |  14.3
            +---------+---------+-------+---------+---------+-------
